 Dungeon Crawl Stone Soup version 0.28.0-53-g5a82cb258f (webtiles) character file.

Game seed: 9907575811229459182

340 Zeld the Conjurer (level 6, -1/45 HPs)
             Began as a Draconian Conjurer on June 11, 2022.
             Slain by a hound (3 damage)
             ... on level 3 of the Dungeon.
             The game lasted 00:04:22 (4094 turns).

Zeld the Conjurer (Draconian Conjurer)              Turns: 4094, Time: 00:04:22

Health: -1/45      AC:  6    Str:  9    XL:     6   Next: 30%
Magic:  0/11       EV: 12    Int: 20    God:
Gold:   185        SH:  0    Dex: 10    Spells: 1/12 levels left

rFire   . . .      SeeInvis .   (no weapon)
rCold   . . .      Faith    .   (no shield)
rNeg    . . .      Spirit   .   (armour unavailable)
rPois   .          Reflect  .   (helmet restricted)
rElec   .          Harm     .   (no cloak)
rCorr   .          Rampage  .   (no gloves)
Will    .....                   (no boots)
Stlth   ++........              (no amulet)
HPRegen 0.15/turn               (no ring)
MPRegen 0.12/turn               (no ring)

@: no status effects
A: AC +6, unfitting armour, cold-blooded
a: no special abilities


You were on level 3 of the Dungeon.
You visited 1 branch of the dungeon, and saw 3 of its levels.

You collected 185 gold pieces.

Inventory:

Scrolls
 a - 2 scrolls of identify {unknown}
 b - 2 scrolls of fear {unknown}
 c - a scroll of noise {unknown}
 d - a scroll of summoning {unknown}
 e - a scroll of magic mapping {unknown}
Potions
 f - a potion of magic {unknown}
 g - a potion of resistance {unknown}


   Skills:
 + Level 2.6 Dodging
 - Level 1.7 Stealth
 * Level 3.7 Spellcasting
 * Level 5.3 Conjurations
 - Level 2.0 Hexes
 - Level 2.0 Translocations


You had one spell level left.
You knew the following spells:

 Your Spells              Type           Power      Damage    Failure   Level
a - Magic Dart            Conj           100%       1d8       1%          1
b - Searing Ray           Conj           50%        2d6       2%          2
c - Fulminant Prism       Conj/Hex       9%         3d7       28%         4
d - Iskenderun's Mystic   Conj/Tloc      18%        2d6       28%         4

Your spell library contained the following spells:

 Spells                   Type           Power      Damage    Failure   Level
 Dazzling Flash           Conj/Hex       36%        N/A       9%          3


Dungeon Overview and Level Annotations

Branches:
Dungeon (3/15)

Altars:
Qazlal
Vehumet

Shops:
D:2 =


Innate Abilities, Weirdness & Mutations

Your plain brown scales are hard. (AC +6)
You cannot fit into any form of body armour.
You are cold-blooded and may be slowed by cold attacks.


Message History

You kill the orc!
The hound barely misses you. The hound bites you.
* * * LOW HITPOINT WARNING * * *
Unknown command.
You aren't carrying any items that you can evoke.
The hound barely misses you. The hound bites you.
* * * LOW HITPOINT WARNING * * *
Casting: Searing Ray (safe; 2% risk of failure)
Confirm with . or Enter, or press ? or * to list all spells.
Aiming: Magic Dart (safe; 1% risk of failure)
Press: ? - help, Shift-Dir - straight line, f - hound
Aim: a hound (heavily wounded, 100% to hit)
The magic dart hits the hound.
The hound is heavily wounded.
The hound barely misses you.
Unknown command.
Unknown command.
The hound barely misses you. The hound bites you.
* * * LOW HITPOINT WARNING * * *
The hound bites you.
* * * LOW HITPOINT WARNING * * *
Casting: Magic Dart (safe; 1% risk of failure)
Confirm with . or Enter, or press ? or * to list all spells.
Aiming: Magic Dart (safe; 1% risk of failure)
Press: ? - help, Shift-Dir - straight line, f/p - hound
Aim: a hound (heavily wounded, 100% to hit)
The magic dart hits the hound.
The hound is almost dead.
The hound barely misses you. The hound closely misses you.
Unknown command.
Unknown command.
The hound bites you.
* * * LOW HITPOINT WARNING * * *
The hound bites you but does no damage.
You hit the hound but do no damage.
The hound is almost dead.
The hound bites you.
You die...

#.####......###.....########...##
#w# #............### #..... #.#
##########...# #...## #.#######
#.).# #...# #....<..# ##)## #...#
#######.# #)###########...# #.#
### #†##...††..###.### #.#
##.###w##.#####.......#
#.###.#..h@##.####......#.#
#....###.####.##..>........
#####.#.## #.##........#.. ##.##
#.........#.#.. ###
####.#......... #.###..).... #.#
##.#.##. ######.# #......
#......## #.....#


You could see a worm and a hound.

Vanquished Creatures
  A black bear (D:3)
  An ogre (D:3)
  Robin (D:3)
  6 adders
  A shadow imp (D:3)
  An ufetubus (D:3)
  A worm (D:3)
  2 dart slugs
  6 orcs (D:3)
  5 endoplasms
  A giant cockroach (D:3)
  16 goblins
  6 hobgoblins
  3 jackals (D:1)
  2 quokkas
  4 ball pythons
  4 bats
  7 frilled lizards
  3 kobolds
  5 rats
76 creatures vanquished.

Notes
Turn   | Place    | Note
-------+----------+-------------------------------------------
     0 | D:1      | Zeld the Draconian Conjurer began the quest for the Orb.
     0 | D:1      | Reached XP level 1. HP: 14/14 MP: 3/3
   481 | D:1      | Reached XP level 2. HP: 20/20 MP: 3/5
   515 | D:1      | Learned a level 2 spell: Searing Ray
   762 | D:1      | Reached skill level 1 in Hexes
   762 | D:1      | Reached skill level 1 in Translocations
  1341 | D:2      | Reached XP level 3. HP: 18/26 MP: 2/6
  1645 | D:2      | Found a faded altar of an unknown god.
  2061 | D:2      | Found a radiant altar of Vehumet.
  2194 | D:2      | Found Gooziolu's Jewellery Boutique.
  2461 | D:3      | Noticed Robin
  2627 | D:2      | Reached XP level 4. HP: 22/33 MP: 1/7
  2733 | D:3      | Killed Robin
  2774 | D:3      | Learned a level 4 spell: Fulminant Prism
  3233 | D:3      | Found a stormy altar of Qazlal.
  3412 | D:3      | Noticed an ogre
  3426 | D:3      | Killed an ogre
  3427 | D:3      | Reached XP level 5. HP: 38/38 MP: 2/9
  3499 | D:3      | Noticed a black bear
  3767 | D:3      | Killed a black bear
  3768 | D:3      | Reached skill level 5 in Conjurations
  3768 | D:3      | Reached XP level 6. HP: 37/45 MP: 2/11
  3933 | D:3      | Learned a level 4 spell: Iskenderun's Mystic Blast
  4092 | D:3      | HP: 2/45 [hound (4)]
  4094 | D:3      | Slain by a hound

Illustrated notes

Levels and vault maps discovered:
D:1:      dpeg_arrival_rooms_c, layout_basic, st_stairs_13,
          chequers_serial_rivers_large_a
D:2:      layout_loops_cross, serial_shops, shop, basic_altar,
          ebering_ecumenical_altar_ruins
D:3:      layout_loops_cross, nicolae_qazlal_general_emergency, st_stairs_14,
          minmay_divided_ellipse, uniq_robin

Skill      XL: |  1  2  3  4  5 |
---------------+----------------+-----
Hexes          | 1 2 |  2.0
Translocations | 1 2 |  2.0
Dodging        | 2 |  2.6
Spellcasting   | 3 |  3.7
Conjurations   | 5 |  5.3
Stealth        | |  1.7

Action                   |  1- 3 |  4- 6 || total
-------------------------+-------+-------++-------
Melee: Unarmed           |    28 |    39 ||    67
       Tailslap          |     2 |     6 ||     8
 Cast: Magic Dart        |    58 |    53 ||   111
       Searing Ray       |     4 |    11 ||    15
Armor: Skin              |    21 |    28 ||    49
Dodge: Dodged            |    41 |    57 ||    98
